cohdb
Replays
Latest Replays
All Replays
Popular Replays
Top Player Replays
Match Explorer
How It Works
Community
CoH3 Stats
Reddit
Sign in to upload your games and track your stats! →
Sign in with Steam
Match 36188896
Unlisted
Match 36188896
Overview
Messages
Build Orders
End
Selects Armored Battlegroup
Selects Assault Engineers
Assault Engineer Squad
Construct Barracks
Riflemen Squad
Construct Weapon Support Center
Bazooka Squad
Mechanized Support Center
Riflemen Squad
Grenade Package
Prince-of-Persia
Common folk
cmsmiley
Vermax
BiliBilI_23984226_Luckyman55
GATE
matrix4x4
XXxxxGxxxXX
0
0
Comments
sign in to comment!
No comments posted yet!